 Dungeon Crawl Stone Soup version 0.21.1-1-g345015fe64 (webtiles) character file.

224 klipsore the Magician (level 5, -6/36 HPs)
             Began as a Mummy Wizard on July 13, 2018.
             Was an Initiate of Sif Muna.
             Shot with an arrow by a centaur (13 damage)
             ... on level 4 of the Dungeon on July 15, 2018.
             The game lasted 00:32:37 (5149 turns).

klipsore the Magician (Mummy Wizard)                Turns: 5149, Time: 00:32:38

Health: -6/36      AC:  2    Str: 10    XL:     5   Next: 67%
Magic:  13/13      EV: 12    Int: 19    God:    Sif Muna [......]
Gold:   262        SH:  0    Dex: 10    Spells: 8/16 levels left

rFire    x . .     SeeInvis .   m - +2 dagger (elec)
rCold    + . .     Gourm    .   (no shield)
rNeg     + + +     Faith    .   a - +0 robe
rPois    ∞         Spirit   .   b - +0 hat
rElec    .         Reflect  .   (no cloak)
rCorr    .         Harm     .   (no gloves)
MR       .....                  (no boots)
Stlth    +++.......             (no amulet)
HPRegen  0.12/turn              f - ring of stealth
MPRegen  0.13/turn              (no ring)

@: no status effects
A: no food or potions, fire vulnerability, cold resistance 1, negative energy
resistance 3, torment resistance, unbreathing
a: Renounce Religion


You were on level 4 of the Dungeon.
You worshipped Sif Muna.
Sif Muna was noncommittal.
You were not hungry.

You visited 1 branch of the dungeon, and saw 4 of its levels.

You collected 262 gold pieces.

Inventory:

Hand Weapons
 m - a +2 dagger of electrocution (weapon)
Armour
 a - a +0 robe (worn)
 b - a +0 hat (worn)
Jewellery
 f - a ring of stealth (left hand)
Scrolls
 e - a scroll of teleportation {unknown}
 g - a scroll of noise {unknown}
 h - a scroll of enchant weapon {unknown}
 i - a scroll of remove curse
 j - a scroll of fog {unknown}
 k - a scroll of random uselessness {unknown}
 l - a scroll of enchant armour {unknown}
 n - a scroll of identify
Books
 c - a book of Minor Magic

   Spells                             Type                      Level
   a - Magic Dart                     Conjuration                  1
   b - Blink                          Translocation                2
   c - Call Imp                       Summoning                    2
   d - Slow                           Hexes                        2
   e - Conjure Flame                  Conjuration/Fire             3
   f - Mephitic Cloud                 Conjuration/Poison/Air       3
 d - Kikubaaqudgha's Almanac of Dark Rites
   (You found it on level 3 of the Dungeon)

   Spells                             Type                      Level
   a - Animate Skeleton               Necromancy                   1


   Skills:
 + Level 0.8 Fighting
 - Level 0.2 Short Blades
 - Level 1.8 Dodging
 - Level 1.6 Stealth
 + Level 6.3 Spellcasting
 + Level 1.9 Conjurations
 * Level 2.1 Summonings
 + Level 0.7 Translocations


You had 8 spell levels left.
You knew the following spells:

 Your Spells              Type           Power        Failure   Level  Hunger
a - Magic Dart            Conj           ##..         4%          1    N/A
b - Call Imp              Summ           ##......     7%          2    N/A
c - Blink                 Tloc           N/A          12%         2    N/A
d - Mephitic Cloud        Conj/Pois/Air  #.......     26%         3    N/A

Dungeon Overview and Level Annotations

Branches:
Dungeon (4/15)
 Temple: D:4-7

Altars:
Gozag
Kikubaaqudgha
Makhleb
Sif Muna
Vehumet
Yredelemnul


Innate Abilities, Weirdness & Mutations

You do not eat or drink.
Your flesh is vulnerable to fire.
You are immune to poison.
Your flesh is cold resistant. (rC+)
You are immune to negative energy. (rN+++)
You are immune to unholy pain and torment.
You can survive without breathing.


Message History

You open the door.
There is an open door here.
You open the door.
There is an open door here.
Things that are here:
a falchion; a ring mail; an orc skeleton
There is a stone staircase leading down here.
There is an open door here.
There is an open door here.
The centaur shouts!
The centaur wields a shortbow.
The centaur shoots an arrow.
The arrow hits you!
You see here an arrow.
The centaur shoots an arrow.
The arrow hits you!
You see here an arrow.
The centaur shoots an arrow.
The arrow hits you!
* * * LOW HITPOINT WARNING * * *
The centaur shoots an arrow.
The arrow barely misses you.
You see here an arrow.
The centaur shoots an arrow.
The arrow hits you!
You die...

.....#..............'.....#......
.....#..............#.....#......
...###..##..######..#.c...#+#####
######..##..##.# ..##...........
.............#.. ..#...........
.............#.. #...........
.......#######..######c(.........
######..##.(##..#(...(.......####
#....'..#..(@............#
#....#..#...#............#
########'###..#............####
#..........#..#.....######.....
#..........#..#.....#....#.....
#..........#..#.....#..).'.....
#.......).)##'#.....###..#.....
###.........>.......#####..##....
..##'#####)##.......#.......#....


You could see a centaur.

Vanquished Creatures
  The ghost of Sapher the Grave Robber, a weakling GnNe (D:3)
  An orc priest (D:3)
  A worker ant (D:2)
  An adder (D:2)
  An adder skeleton (D:4)
  3 dart slugs
  3 leopard geckos
  5 orcs
  5 giant cockroaches
  8 goblins
  9 hobgoblins
  3 kobolds
  A quokka (D:3)
  9 bats
  3 frilled lizards (D:2)
  3 rats (D:3)
57 creatures vanquished.

Vanquished Creatures (collateral kills)
  2 orc priests (D:3)
  A worker ant zombie (D:2)
  A gnoll (D:1)
  3 adders
  A worm (D:3)
  A leopard gecko (D:4)
  6 orcs
  A giant cockroach (D:2)
16 creatures vanquished.

Grand Total: 73 creatures vanquished

Notes
Turn   | Place    | Note
-------+----------+-------------------------------------------
     0 | D:1      | klipsore the Mummy Wizard began the quest for the Orb.
     0 | D:1      | Reached XP level 1. HP: 13/13 MP: 5/5
   310 | D:1      | Reached XP level 2. HP: 19/19 MP: 1/7
   370 | D:1      | Learned a level 2 spell: Call Imp
   373 | D:1      | Learned a level 2 spell: Blink
   692 | D:1      | Reached skill level 1 in Conjurations
  1446 | D:2      | Reached skill level 5 in Spellcasting
  1446 | D:2      | Reached skill level 1 in Summonings
  1446 | D:2      | Reached XP level 3. HP: 20/24 MP: 0/9
  1530 | D:2      | Learned a level 3 spell: Mephitic Cloud
  2175 | D:2      | Reached XP level 4. HP: 17/30 MP: 4/11
  2262 | D:2      | Found a burning altar of Makhleb.
  2264 | D:2      | Noticed a balrug
  2268 | D:2      | Noticed a neqoxec
  2268 | D:2      | Noticed a smoke demon
  2541 | D:2      | You fall through a shaft for 2 floors!
  3138 | D:3      | Found an opulent altar of Gozag.
  3138 | D:3      | Found a basalt altar of Yredelemnul.
  3228 | D:3      | Reached XP level 5. HP: 36/36 MP: 1/13
  3239 | D:3      | Reached skill level 6 in Spellcasting
  3285 | D:3      | HP: 1/36 [orc/dagger (5)]
  3683 | D:3      | HP: 1/36 [orc priest/divine providence (12)]
  4118 | D:3      | Noticed Sapher's ghost (weakling GnNe)
  4145 | D:3      | Killed Sapher's ghost
  4394 | D:3      | Found an ancient bone altar of Kikubaaqudgha.
  4394 | D:3      | Found a deep blue altar of Sif Muna.
  4399 | D:3      | Found a radiant altar of Vehumet.
  4401 | D:3      | Identified Kikubaaqudgha's Almanac of Dark Rites
  4458 | D:3      | Became a worshipper of Sif Muna the Loreminder
  4889 | D:4      | Noticed a phantom
  4985 | D:4      | Noticed a centaur
  5149 | D:4      | Shot with an arrow by a centaur

Skill      XL: |  1  2  3  4  5 |
---------------+----------------+-----
Conjurations   | 1 |  1.9
Spellcasting   | 5 6 |  6.3
Summonings     | 1 2 |  2.1
Fighting       | |  0.8
Short Blades   | |  0.2
Dodging        | |  1.8
Stealth        | |  1.6
Translocations | |  0.7

Action                   |  1- 3 |  4- 6 || total
-------------------------+-------+-------++-------
Melee: Unarmed           |     3 |       ||     3
       Dagger            |     9 |    29 ||    38
 Cast: Magic Dart        |    95 |    68 ||   163
       Call Imp          |     6 |    25 ||    31
  Use: Scroll            |       |     1 ||     1
Armor: Robe              |     7 |     8 ||    15
Dodge: Dodged            |    37 |    27 ||    64
